 Dungeon Crawl Stone Soup version 0.22.1-1-ga44c0e5 (webtiles) character file.

481 Anon1729 the Chopper (level 7, -2/63 HPs)
             Began as a Naga Gladiator on Oct 17, 2018.
             Was an Initiate of Uskayaw.
             Slain by a gnoll
             ... wielding a +0 short sword
              (7 damage)
             ... on level 6 of the Dungeon.
             The game lasted 00:07:01 (4427 turns).

Anon1729 the Chopper (Naga Gladiator)               Turns: 4427, Time: 00:07:02

Health: -2/63      AC:  4    Str: 17    XL:     7   Next: 12%
Magic:  5/8        EV: 11    Int:  9    God:    Uskayaw [......]
Gold:   139        SH:  0    Dex: 13    Spells: 6/6 levels left

rFire    . . .     SeeInvis +   a - +0 war axe
rCold    . . .     Gourm    .   (no shield)
rNeg     . . .     Faith    .   b - +0 leather armour
rPois    +         Spirit   .   c - +0 helmet
rElec    .         Reflect  .   (no cloak)
rCorr    .         Harm     .   (no gloves)
MR       .....                  (no barding)
Stlth    +.........             (no amulet)
HPRegen  0.20/turn              g - ring of fire
MPRegen  0.11/turn              i - ring of ice

@: very slow
A: large, see invisible, deformed body, poison resistance, slowness 2, slow
metabolism 1, spit poison 1, AC +2
a: Spit Poison, Renounce Religion


You were on level 6 of the Dungeon.
You worshipped Uskayaw.
Uskayaw was noncommittal.
You were hungry.

You visited 2 branches of the dungeon, and saw 7 of its levels.

You collected 139 gold pieces.

Inventory:

Hand Weapons
 a - a +0 war axe (weapon)
 s - a +1 spear of flaming
Missiles
 d - 3 throwing nets (quivered)
Armour
 b - a +0 leather armour (worn)
 c - a +0 helmet (worn)
Jewellery
 g - a ring of fire (left hand)
 i - a ring of ice (right hand)
 p - an uncursed ring of see invisible
Wands
 k - a wand of random effects (19)
Scrolls
 e - 4 scrolls of remove curse {unknown}
 j - 6 scrolls of identify {unknown}
 l - 2 scrolls of enchant weapon {unknown}
 m - a scroll of blinking {unknown}
 n - 3 scrolls of noise {unknown}
 o - a scroll of fear {unknown}
 q - a scroll of immolation {unknown}
Potions
 r - a potion of magic {unknown}
Comestibles
 f - 9 rations
 h - a chunk of flesh


   Skills:
 + Level 3.7 Fighting
 * Level 5.8 Axes
 - Level 2.0 Throwing
 + Level 3.7 Dodging
 * Level 1.9 Invocations


You had 6 spell levels left.
You didn't know any spells.
Your spell library contained the following spells:

 Spells                   Type           Power        Failure   Level  Hunger
 Summon Lightning Spire   Summ/Air       #.......     99%         4    #####..
 Silence                  Hex/Air        #.........   100%        5    ######.
 Conjure Ball Lightning   Conj/Air       #.........   100%        6    #######
 Deflect Missiles         Chrm/Air       #.........   100%        6    #######
 Tornado                  Air            #.........   100%        9    #######


Dungeon Overview and Level Annotations

Branches:
Dungeon (6/15)             Temple (1/1) D:4

Altars:
Ashenzari
Dithmenos
Elyvilon
Fedhas
Gozag
Kikubaaqudgha
Makhleb
Nemelex Xobeh
Qazlal
Ru
Sif Muna
Uskayaw
Wu Jian
Yredelemnul
Zin
The Shining One

Annotations:
D:4 Edmund


Innate Abilities, Weirdness & Mutations

You cannot wear boots.
Your serpentine skin is tough. (AC +2)
You have supernaturally acute eyesight. (SInv)
Armour fits poorly on your strangely shaped body.
Your system is resistant to poisons. (rPois)
You cover ground very slowly.
You have a slow metabolism.
You can spit poison.


Message History

Press: ? - help, Shift-Dir - straight line, f - gnoll
Aim: a gnoll, wielding a short sword and wearing a robe (severely wounded)
The splash of poison misses the gnoll.
You are feeling hungry.
The gnoll hits you but does no damage.
You stomp with the beat, sending a shockwave through the revelers around you!
The gnoll is almost dead.
You feel somewhat more hungry.
You can no longer stomp with the beat.
The gnoll hits you with a short sword.
* * * LOW HITPOINT WARNING * * *
Unknown command.
Okay, then.
Evoke which item? (* to show all) (? for menu, Esc to quit)
Okay, then.
You hit the gnoll but do no damage.
The gnoll is almost dead.
You have got your breath back.
The gnoll hits you with a short sword!
You die...

########.#
#...g@...#
#..........#
#........).#
#.............
#.<........?..
#.............
#..[..........
#.............


You could see a gnoll.

Vanquished Creatures
  An ogre (D:5)
  2 scorpions
  A crimson imp (D:5)
  A hound (D:5)
  A centaur skeleton (D:4)
  A worker ant (D:5)
  A worker ant zombie (D:5)
  5 gnolls
  3 adders
  An ooze (D:1)
  A worm (D:3)
  2 dart slugs (D:1)
  3 leopard geckos (D:1)
  An orc (D:3)
  A ball python (D:1)
  4 giant cockroaches
  4 goblins
  7 hobgoblins
  7 jackals
  10 kobolds
  6 quokkas
  4 bats
  7 frilled lizards
  4 rats
78 creatures vanquished.

Notes
Turn   | Place    | Note
-------+----------+-------------------------------------------
     0 | D:1      | Anon1729 the Naga Gladiator began the quest for the Orb.
     0 | D:1      | Reached XP level 1. HP: 19/19 MP: 1/1
    49 | D:1      | Reached XP level 2. HP: 12/26 MP: 2/2
   260 | D:1      | Reached XP level 3. HP: 17/32 MP: 3/3
   940 | D:2      | Reached skill level 4 in Axes
   940 | D:2      | Reached XP level 4. HP: 15/40 MP: 4/4
  2521 | D:3      | Reached XP level 5. HP: 42/48 MP: 5/5
  2814 | D:4      | Noticed Edmund
  3049 | D:4      | Reached skill level 5 in Axes
  3129 | D:4      | Found a staircase to the Ecumenical Temple.
  3134 | Temple   | Entered the Ecumenical Temple
  3153 | Temple   | Became a worshipper of Uskayaw the Reveler
  3343 | D:4      | Noticed a phantom
  3396 | D:4      | HP: 2/49 [phantom (2)]
  3401 | D:5      | Entered Level 5 of the Dungeon
  3535 | D:5      | Noticed an ogre
  3538 | D:5      | Reached * piety under Uskayaw
  3541 | D:5      | HP: 2/49 [ogre/giant spiked club (24)]
  3541 | D:5      | Reached ** piety under Uskayaw
  3544 | D:5      | Killed an ogre
  3544 | D:5      | Reached XP level 6. HP: 3/56 MP: 2/6
  3806 | D:5      | Reached skill level 1 in Invocations
  4280 | D:5      | Reached XP level 7. HP: 51/63 MP: 6/8
  4413 | D:5      | Reached *** piety under Uskayaw
  4427 | D:6      | Slain by a gnoll

Skill      XL: |  1  2  3  4  5  6 |
---------------+-------------------+-----
Throwing       | 2 |  2.0
Axes           | 4 5 |  5.8
Dodging        | 3 |  3.7
Fighting       | 3 |  3.7
Invocations    | 1 |  1.9

Action                   |  1- 3 |  4- 6 |  7- 9 || total
-------------------------+-------+-------+-------++-------
Melee: War axe           |    64 |   162 |    37 ||   263
Invok: Stomp             |       |     1 |     1 ||     2
 Abil: Spit Poison       |       |     8 |     1 ||     9
Evoke: Wand              |       |       |     1 ||     1
  Use: Potion            |       |     1 |       ||     1
 Stab: Sleeping          |       |     1 |       ||     1
       Paralysed         |       |       |     1 ||     1
  Eat: Chunk             |       |     5 |       ||     5
       Ration            |       |     1 |       ||     1
Armor: Leather armour    |    23 |    49 |    14 ||    86
Dodge: Dodged            |    61 |   113 |    31 ||   205
